 Dungeon Crawl Stone Soup version 0.27-a0-1140-g099f9bb0e8 (webtiles) character file.

Game seed: 980125604806565156

9729 leviel the Severer (level 11, -21/83 HPs)
             Began as a Minotaur Fighter on May 8, 2021.
             Was an Elder of Okawaru.
             Killed from afar by a fire dragon (37 damage)
             ... with a blast of flame
             ... on level 11 of the Dungeon.
             The game lasted 00:12:20 (12821 turns).

leviel the Severer (Minotaur Fighter)              Turns: 12821, Time: 00:12:21

Health: -21/83     AC: 15    Str: 30    XL:     11   Next: 26%
Magic:  13/13      EV:  5    Int:  5    God:    Okawaru [****..]
Gold:   353        SH: 15    Dex: 10    Spells: 10/10 levels left

rFire    . . .     SeeInvis .   a - +0 war axe
rCold    . . .     Faith    .   c - +0 kite shield
rNeg     . . .     Spirit   .   b - +0 plate armour
rPois    +         Reflect  +   (helmet restricted)
rElec    .         Harm     .   (no cloak)
rCorr    .         Rampage  .   (no gloves)
Will     .....                  E - +0 pair of boots
Stlth    ..........             G - amulet of reflection
HPRegen  0.23/turn              r - +6 ring of strength
MPRegen  0.13/turn              I - ring of poison resistance

@: about to teleport, hasted, very quick
A: horns 2, retaliatory headbutt
a: Renounce Religion, Heroism


You were on level 11 of the Dungeon.
You worshipped Okawaru.
Okawaru was greatly pleased with you.
You visited 2 branches of the dungeon, and saw 12 of its levels.

You collected 633 gold pieces.
You spent 280 gold pieces at shops.

Inventory:

Hand Weapons
 a - a +0 war axe (weapon)
Missiles
 h - 62 poisoned darts (quivered)
 o - 5 curare-tipped darts
 z - 5 boomerangs of dispersal
 F - 4 atropa-tipped darts
Armour
 b - a +0 plate armour (worn)
 c - a +0 kite shield (worn)
 E - a +0 pair of boots (worn)
Jewellery
 k - a ring of protection from cold
 n - an amulet of guardian spirit
 r - a +6 ring of strength (left hand)
 w - a +4 ring of evasion
 y - a +6 ring of dexterity
 G - an amulet of reflection (around neck)
 I - a ring of poison resistance (right hand)
Wands
 f - a wand of polymorph (8)
 q - a wand of flame (37)
Scrolls
 d - a scroll of fog
 m - a scroll of teleportation
 t - 2 scrolls of summoning {unknown}
 u - a scroll of fear {unknown}
 v - 2 scrolls of enchant weapon {unknown}
 x - 3 scrolls of immolation {unknown}
 A - 2 scrolls of noise {unknown}
 C - a scroll of torment {unknown}
 D - 3 scrolls of identify
 H - a scroll of amnesia {unknown}
Potions
 e - 4 potions of degeneration
 i - 3 potions of curing {unknown}
 s - a potion of magic {unknown}
 B - a potion of flight


   Skills:
 - Level 3.7 Fighting
 - Level 17.3 Axes
 * Level 9.0 Armour
 - Level 3.8 Shields
 + Level 4.6 Invocations


You had 10 spell levels left.
You didn't know any spells.
Your spell library contained the following spells:

 Spells                   Type           Power      Damage    Failure   Level
 Animate Skeleton         Necr           0%         N/A       100%        1
 Apportation              Tloc           0%         N/A       100%        1
 Corona                   Hex            0%         N/A       100%        1
 Sandblast                Erth           0%         2d4       100%        1
 Summon Small Mammal      Summ           0%         N/A       100%        1
 Call Imp                 Summ           0%         N/A       100%        2
 Ensorcelled Hibernation  Hex/Ice        0%         N/A       100%        2
 Passwall                 Tmut/Erth      0%         N/A       100%        2
 Call Canine Familiar     Summ           0%         N/A       100%        3
 Confusing Touch          Hex            0%         N/A       100%        3
 Dazzling Flash           Conj/Hex       0%         N/A       100%        3
 Stone Arrow              Conj/Erth      0%         3d7       100%        3
 Summon Guardian Golem    Hex/Summ       0%         N/A       100%        3
 Tukima's Dance           Hex            0%         N/A       100%        3
 Petrify                  Tmut/Erth      0%         N/A       100%        4
 Summon Ice Beast         Ice/Summ       0%         N/A       100%        4
 Summon Lightning Spire   Summ/Air       0%         N/A       100%        4
 Lee's Rapid Deconstruct  Erth           0%         3d5*      100%        5


Dungeon Overview and Level Annotations

Branches:
Dungeon (11/15)            Temple (1/1) D:7            Lair (0/6) D:11
    Orc: D:9-12

Altars:
Ashenzari
Cheibriados
Dithmenos
Elyvilon
Fedhas
Gozag
Hepliaklqana
Kikubaaqudgha
Makhleb
Nemelex Xobeh
Okawaru
Qazlal
Ru
Sif Muna
Trog
Uskayaw
Vehumet
Wu Jian
Xom
Yredelemnul
Zin
The Shining One

Shops:
D:1 :   D:4 *   D:7 [   D:8 *

Annotations:
D:9 Maurice
D:10 3 runed translucent doors, OTABOTABOTAB's ghost, journeyman VSFi; Zeld's ghost, journeyman OpCj


Innate Abilities, Weirdness & Mutations

You have a pair of horns on your head.
You reflexively headbutt those who attack you in melee.


Message History

A fire dragon comes into view.
The fire dragon roars deafeningly!
A fire dragon is nearby!
Found a stone staircase leading down.
You feel yourself speed up.
A centaur comes into view.
The centaur shouts!
The fire dragon bites you! The fire dragon claws you.
You block the fire dragon's attack.
The centaur wields a +0 shortbow.
The centaur shoots an arrow.
The arrow hits you.
You completely miss the fire dragon. You headbutt the fire dragon!
The fire dragon is lightly wounded.
You hit the fire dragon.
The fire dragon is lightly wounded.
The centaur shoots an arrow.
You reflect the arrow off an invisible shield around you!
The arrow hits the centaur!
The fire dragon bites you but does no damage.
The fire dragon claws you.
The fire dragon tramples you but does no damage.
The fire dragon breathes flames at you. The blast of flame hits you!!
The centaur shoots an arrow.
You reflect the arrow off an invisible shield around you!
The arrow hits the centaur!
You barely miss the fire dragon. Your headbutt misses the fire dragon.
The fire dragon is lightly wounded.
The fire dragon bites you!
* * * LOW HITPOINT WARNING * * *
The fire dragon closely misses you. You block the fire dragon's attack.
The centaur shoots an arrow.
The arrow hits you.
* * * LOW HITPOINT WARNING * * *
As you read the scroll of teleportation, it crumbles to dust.
You feel strangely unstable. The fire dragon bites you.
* * * LOW HITPOINT WARNING * * *
You block the fire dragon's attack.
The fire dragon tramples you but does no damage.
The fire dragon breathes flames at you. The blast of flame hits you!!!
You die...

#.....# #.# .....
#####.....# .# ....
#.........# .# ....
#.........# .#.....
#.........# c#.>... #
#....###### ....... #
#....# ....... #..
###....############.......
#.##
.......'........@..D......
#...
###....############.......
#... # ###### ....... #...
# ....... #... #
............ #..( #
.............. #... #
.........#########.## #
....§.§.............#
######
#.....≈≈§≈§..........[.#


You could see a fire dragon (catching breath).

Vanquished Creatures
  A two-headed ogre (D:9)
  Pikel (D:6)
  A gargoyle (D:11)
  Maggie (D:6)
  An efreet (D:10)
  2 trolls (D:11)
  A hornet (D:5)
  Prince Ribbit (D:9)
  3 shadows
  A wraith (D:10)
  13 yaks
  A steam dragon (D:8)
  2 wyverns
  Grum (D:9)
  Menkaure (D:5)
  3 water moccasins
  2 sky beasts
  3 orc warriors
  3 wolves (D:9)
  An ogre (D:6)
  3 centaurs
  4 lemures (D:6)
  2 phantoms (D:5)
  Blork the orc (D:6)
  A bullfrog (D:8)
  A gnoll sergeant (D:4)
  3 scorpions (D:5)
  7 killer bees
  4 wights (D:9)
  6 howler monkeys
  2 centaur zombies
  2 jellies
  A bullfrog zombie (D:5)
  2 orc priests
  4 hounds
  A centaur skeleton (D:6)
  A gnoll shaman (D:10)
  7 orc wizards
  Jessica (D:3)
  A scorpion zombie (D:5)
  A hound zombie (D:5)
  A hound skeleton (D:4)
  A howler monkey zombie (D:9)
  Robin (D:4)
  9 gnolls
  6 adders
  A howler monkey skeleton (D:7)
  2 white imps
  An ufetubus (D:5)
  A worm (D:2)
  A dart slug (D:4)
  26 orcs
  3 endoplasms
  7 giant cockroaches
  12 goblins
  7 hobgoblins
  13 jackals
  3 quokkas
  12 ball pythons
  6 bats
  4 frilled lizards
  5 kobolds
  2 rats
222 creatures vanquished.

Vanquished Creatures (others)
  3 plants (D:9)
3 creatures vanquished.

Grand Total: 225 creatures vanquished

Notes
Turn   | Place    | Note
-------+----------+-------------------------------------------
     0 | D:1      | leviel the Minotaur Fighter began the quest for the Orb.
     0 | D:1      | Reached XP level 1. HP: 19/19 MP: 0/0
    66 | D:1      | Found a faded altar of an unknown god.
   289 | D:1      | Reached skill level 3 in Axes
   289 | D:1      | Reached XP level 2. HP: 18/27 MP: 1/1
   653 | D:1      | Found Otaoc's Book Shop.
   783 | D:2      | Reached XP level 3. HP: 33/33 MP: 2/2
   786 | D:2      | Reached skill level 4 in Axes
  1435 | D:2      | You fall into a shaft and drop 1 floor!
  1480 | D:3      | Reached skill level 5 in Axes
  1480 | D:3      | Reached XP level 4. HP: 40/40 MP: 3/3
  1565 | D:3      | Noticed Jessica
  1570 | D:3      | Killed Jessica
  1926 | D:3      | Found a bloodstained altar of Trog.
  2082 | D:4      | Noticed Robin
  2087 | D:4      | Killed Robin
  2088 | D:4      | Reached skill level 6 in Axes
  2093 | D:4      | Reached XP level 5. HP: 27/46 MP: 4/4
  2521 | D:4      | Found Pefof's General Store.
  2524 | D:4      | Bought a scroll of identify for 20 gold pieces
  2699 | D:4      | Reached skill level 7 in Axes
  2901 | D:4      | Reached XP level 6. HP: 49/52 MP: 3/5
  2905 | D:4      | Found a shadowy altar of Dithmenos.
  2920 | D:4      | Found an ornate altar of the Wu Jian Council.
  2920 | D:4      | Found an opulent altar of Gozag.
  2933 | D:4      | Found a stormy altar of Qazlal.
  2940 | D:4      | Found a white marble altar of Elyvilon.
  3284 | D:5      | Entered Level 5 of the Dungeon
  3296 | D:4      | Reached skill level 8 in Axes
  3656 | D:5      | Reached skill level 9 in Axes
  3656 | D:5      | Reached XP level 7. HP: 57/58 MP: 6/6
  3738 | D:5      | Reached skill level 10 in Axes
  3844 | D:5      | Noticed a hornet
  3848 | D:5      | Paralysed by a hornet for 2 turns
  3853 | D:5      | Killed a hornet
  3854 | D:5      | Reached skill level 11 in Axes
  3854 | D:5      | Reached XP level 8. HP: 21/66 MP: 5/7
  4545 | D:5      | Noticed Menkaure
  4554 | D:5      | Killed Menkaure
  4618 | D:5      | Reached skill level 12 in Axes
  4787 | D:6      | Noticed Maggie
  4799 | D:6      | Killed Maggie
  4871 | D:6      | Reached skill level 13 in Axes
  5142 | D:6      | Found a sacrificial altar of Ru.
  5146 | D:6      | Noticed Blork the orc
  5153 | D:6      | Killed Blork the orc
  5253 | D:6      | Reached XP level 9. HP: 70/71 MP: 8/8
  5451 | D:6      | Noticed Pikel
  5509 | D:6      | Killed Pikel
  5510 | D:6      | Reached skill level 14 in Axes
  5863 | D:7      | Found Rirchaddu's Armour Shop.
  6386 | D:7      | Found a staircase to the Ecumenical Temple.
  6394 | D:7      | Identified the +1 trident of Execution {vamp, Contam rElec
                  | rPois rF+}
  6419 | Temple   | Entered the Ecumenical Temple
  6813 | Temple   | Became a worshipper of Warmaster Okawaru
  7170 | D:8      | Reached skill level 15 in Axes
  7309 | D:8      | Reached * piety under Okawaru
  7654 | D:8      | Found Irphuh's Serpentskin Sales.
  7689 | D:8      | Bought a ring of poison resistance for 260 gold pieces
  7698 | D:8      | Found an ancient bone altar of Kikubaaqudgha.
  8234 | D:8      | Reached skill level 16 in Axes
  8377 | D:9      | Reached XP level 10. HP: 74/78 MP: 9/9
  8770 | D:9      | Noticed Prince Ribbit
  8786 | D:9      | Killed Prince Ribbit
  8936 | D:9      | Noticed a two-headed ogre
  8941 | D:9      | Killed a two-headed ogre
  8941 | D:9      | Reached ** piety under Okawaru
  8991 | D:9      | Noticed Maurice
  9130 | D:9      | Noticed Grum
  9138 | D:9      | Reached skill level 17 in Axes
  9143 | D:9      | Killed Grum
  9574 | D:9      | Reached skill level 1 in Invocations
  9579 | D:9      | Reached *** piety under Okawaru
  9580 | D:9      | Reached skill level 5 in Armour
 10640 | D:10     | Entered Level 10 of the Dungeon
 11110 | D:10     | Found a runed translucent gate.
 11110 | D:10     | Found a runed translucent gate.
 11110 | D:10     | Found a runed translucent gate.
 11111 | D:10     | Noticed OTABOTABOTAB's ghost (journeyman VSFi)
 11111 | D:10     | Noticed Zeld's ghost (journeyman OpCj)
 11195 | D:10     | Found a burning altar of Makhleb.
 11641 | D:10     | Reached **** piety under Okawaru
 11653 | D:10     | Reached XP level 11. HP: 65/83 MP: 12/12
 11818 | D:10     | Found a hide-covered altar of Uskayaw.
 12627 | D:11     | Found a staircase to the Lair.
 12808 | D:11     | Noticed a fire dragon
 12821 | D:11     | Killed from afar by a fire dragon

Illustrated notes

Levels and vault maps discovered:
D:1:      minmay_arrival_semitransparent, layout_rooms,
          ebering_ecumenical_altar_mist, serial_shops, shop, minmay_liquid_box,
          chequers_mini_garden
D:2:      layout_basic
D:3:      layout_basic, lightli_temple_of_fire, uniq_jessica
D:4:      layout_basic, minmay_overflow_temple_star_hex, serial_shops,
          nicolae_shop_behind_doors, uniq_robin
D:5:      layout_rooms, grunt_tough_drop, uniq_menkaure
D:6:      layout_rooms, nicolae_ru_awakened_eye, uniq_pikel, uniq_maggie,
          uniq_blork_the_orc
D:7:      layout_rooms, minmay_temple_entry_offerings, serial_shops, shop
D:8:      layout_basic, nicolae_kikubaaqudgha_miasma_corner,
          serial_corexii_hall, corexii_hall_statues_i, chequers_hall_statues_y,
          guppyfry_shop_venom
D:9:      layout_irregular_city, chequers_serial_rivers_large_a,
          grunt_ministairs_7, serial_bayou_crossing, uniq_grum, uniq_maurice,
          uniq_prince_ribbit1
D:10:     layout_loops_ring, overflow_temple_1_default,
          lemuel_coloured_pillars_altar, gammafunk_ghost_cemetery
D:11:     layout_basic, minmay_lair_entry_lava
Temple:   minmay_temple_forest_path

Skill      XL: |  1  2  3  4  5  6  7  8  9 10 11 |
---------------+----------------------------------+-----
Axes           | 3 5 6 7 9 11 13 16 17 | 17.3
Armour         | 7 9 |  9.0
Invocations    | 3 4 |  4.6
Fighting       | |  3.7
Shields        | |  3.8

Action                   |  1- 3 |  4- 6 |  7- 9 | 10-12 || total
-------------------------+-------+-------+-------+-------++-------
Melee: War axe           |    87 |   107 |   225 |   266 ||   685
       Headbutt          |     7 |    13 |    40 |    61 ||   121
       Unarmed           |       |       |     1 |       ||     1
Throw: Dart              |       |       |       |     6 ||     6
Invok: Heroism           |       |       |       |     1 ||     1
  Use: Scroll            |       |     3 |     4 |     2 ||     9
       Potion            |       |       |     3 |     6 ||     9
Armor: Scale mail        |    48 |    32 |       |       ||    80
       Plate armour      |       |    43 |    87 |    83 ||   213
Dodge: Dodged            |    36 |    33 |    45 |    34 ||   148
Block: Kite shield       |    60 |    83 |   116 |   169 ||   428
       Reflection        |       |       |       |     8 ||     8

Table legend: (Time is in decaauts)
 A = Elapsed time spent in this place.
 B = Non-inter-level travel time spent in this place.
 C = Inter-level travel time spent in this place.
 D = Time resting spent in this place.
 E = Time spent auto-exploring this place.
 F = Levels seen in this place.
 G = Mean time per level.
                   A        B        C        D        E       F      G
               +--------+--------+--------+--------+--------+-----+--------+
         Total |  12874 |  12524 |    350 |   3288 |   7773 |  12 | 1072.8 |
       Dungeon |  12454 |  12150 |    304 |   3288 |   7400 |  11 | 1132.2 |
        Temple |    420 |    374 |     46 |      0 |    373 |   1 |  420.0 |
               +--------+--------+--------+--------+--------+-----+--------+

Top non-repeatable levels by time:
     D:9: 2256 daAuts
     D:4: 1480 daAuts
    D:10: 1399 daAuts
     D:8: 1275 daAuts
     D:5: 1271 daAuts
     D:6: 1075 daAuts
     D:7: 788 daAuts
    D:11: 773 daAuts
     D:1: 767 daAuts
     D:2: 713 daAuts
     D:3: 653 daAuts
  Temple: 420 daAuts
